 Dungeon Crawl Stone Soup version 0.32-a0-7-ge934b4519a (webtiles) character file.

Game seed: 14743244775581431821

1815816 MysticSailboat the Conqueror (level 26, 261/261 (266) HPs)
             Began as a Minotaur Monk on Jan 14, 2024.
             Was the Champion of Qazlal.
             Escaped with the Orb
             ... and 3 runes!
             The game lasted 03:44:37 (59135 turns).

MysticSailboat the Conqueror (Minotaur Monk)       Turns: 59135, Time: 03:44:37

HP:   261/261 (266) AC: 52    Str: 41    XL:     26   Next: 58%
MP:   34/34         EV: 26    Int:  8    God:    Qazlal [******]
Gold: 7576          SH:  8    Dex: 21    Spells: 25/25 levels left

rFire   + + .        B - +5 scythe "Finisher" {speed, execute}
rCold   + . .        (shield currently unavailable)
rNeg    . . .        s - +7 crystal plate armour
rPois   +            (helmet unavailable)
rElec   +            a - +2 cloak {rPois}
rCorr   +            i - +1 pair of gloves "Xorujedi" {rElec rCorr Int+3}
SInv    .            b - +3 pair of boots of the King of the Hill {Will+ Str+6}
Will    ++...        h - amulet of Knowledge {Faith rF+ rC+ Int-2 Dex+5} Stlth
                     W - ring "Ogost" {rF+ Str+3 Dex+3 Slay+3}
HPRegen 0.63/turn    J - +6 ring of strength
MPRegen 0.24/turn

%: repel missiles, faith
@: studying 2 skills, lightly drained
A: horns 3, retaliatory headbutt, iridescent scales 1, weak 1
0: Orb of Zot
}: 3/15 runes: barnacled, silver, gossamer
a: Renounce Religion, Upheaval, Elemental Force, Disaster Area


You escaped.
You worshipped Qazlal.
Qazlal was exalted by your worship.
You visited 10 branches of the dungeon, and saw 48 of its levels.
You visited the Abyss 2 times.
You also visited: Trove, Volcano and Desolation.

You collected 11863 gold pieces.
You spent 4287 gold pieces at shops.

Inventory:

Hand Weapons
 d - the +8 executioner's axe of Gozag's Favour {venom, rElec Will++}
   (You acquired it on level 4 of the Dungeon)

   rElec:     It insulates you from electricity.
   Will++:    It greatly increases your willpower.
 B - the +5 scythe "Finisher" (weapon) {speed, execute}
   (You found it on level 5 of the Dungeon)
 Y - the +10 mace of Doubt {venom, rN++ rCorr}
   (You found it on level 13 of the Dungeon)

   rN++:      It greatly protects you from negative energy.
   rCorr:     It protects you from acid and corrosion.
Missiles
 Q - 3 throwing nets (quivered)
Armour
 a - a +2 cloak of poison resistance (worn)
 b - the +3 pair of boots of the King of the Hill (worn) {Will+ Str+6}
   (You bought it in a shop on level 5 of the Vaults)

   Str+6:     It affects your strength (+6).
   Will+:     It increases your willpower.
 i - the +1 pair of gloves "Xorujedi" (worn) {rElec rCorr Int+3}
   (You acquired it on level 1 of the Vaults)

   Int+3:     It affects your intelligence (+3).
   rElec:     It insulates you from electricity.
   rCorr:     It protects you from acid and corrosion.
 s - a +7 crystal plate armour (worn)
 L - the +2 hat of Tumo {Slay+2}
   (You found it in a treasure trove)

   Slay+2:    It affects your accuracy & damage with ranged weapons and melee
   (+2).
Jewellery
 f - a ring of positive energy
 h - the amulet of Knowledge (around neck) {Faith rF+ rC+ Int-2 Dex+5}
   (You found it in the Desolation of Salt)

   [amulet of faith]

   Faith:     It allows you to gain divine favour quickly.
   Int-2:     It affects your intelligence (-2).
   Dex+5:     It affects your dexterity (+5).
   rF+:       It protects you from fire.
   rC+:       It protects you from cold.
 m - a ring of positive energy
 r - a ring of protection from cold
 v - a ring of see invisible
 J - a +6 ring of strength (right hand)
 W - the ring "Ogost" (left hand) {rF+ Str+3 Dex+3 Slay+3}
   (You bought it in a shop on level 1 of the Vaults)

   [ring of protection from fire]

   Str+3:     It affects your strength (+3).
   Dex+3:     It affects your dexterity (+3).
   Slay+3:    It affects your accuracy & damage with ranged weapons and melee
   (+3).
   rF+:       It protects you from fire.
Wands
 o - a wand of digging (16)
 x - a wand of polymorph (29)
 I - a wand of charming (46)
 K - a wand of iceblast (7)
 U - a wand of quicksilver (35)
Scrolls
 j - 10 scrolls of poison
 t - a scroll of vulnerability
 C - 3 scrolls of silence
 E - 7 scrolls of amnesia
 F - 3 scrolls of teleportation
 G - 7 scrolls of fear
 O - a scroll of summoning
 P - 5 scrolls of immolation
 S - a scroll of fog
 X - 2 scrolls of torment
Potions
 c - 2 potions of ambrosia
 k - 34 potions of curing
 l - 6 potions of invisibility
 p - 7 potions of haste
 q - 11 potions of mutation
 u - 6 potions of might
 z - 6 potions of enlightenment
 A - 15 potions of lignification
 H - 5 potions of resistance
 M - 9 potions of cancellation
 R - 5 potions of berserk rage
 V - 6 potions of attraction
Miscellaneous
 e - a condenser vane
 w - a phial of floods
 y - a phantom mirror
 D - a lightning rod (4/4)
 T - a sack of spiders
 Z - a tin of tremorstones (2/2)


   Skills:
 O Level 27 Fighting
 - Level 12.2(20.1) Axes
 - Level 25.1(26.0) Polearms
 + Level 4.8 Throwing
 O Level 27 Armour
 O Level 27 Dodging
 - Level 17.3 Invocations
 - Level 10.0 Evocations


You had 25 spell levels left.
You didn't know any spells.
Your spell library contained the following spells:

 Spells                   Type           Power      Damage    Failure   Level
 Foxfire                  Conj/Fire      0%         2x1d4     83%         1
 Freeze                   Ice            0%         1d3       83%         1
 Kiss of Death            Conj/Necr      0%         2d5       83%         1
 Magic Dart               Conj           0%         1d3       83%         1
 Sandblast                Erth           0%         2d4       83%         1
 Slow                     Hex            0%         N/A       83%         1
 Sting                    Conj/Alch      0%         1d3       83%         1
 Blink                    Tloc           0%         N/A       92%         2
 Call Imp                 Summ           0%         N/A       92%         2
 Cigotuvi's Dreadful Rot  Necr/Alch/Air  0%         N/A       92%         2
 Lesser Beckoning         Tloc           0%         N/A       92%         2
 Mercury Vapours          Alch/Air       0%         N/A       92%         2
 Momentum Strike          Conj/Tloc      0%         3d8       92%         2
 Searing Ray              Conj           0%         2d4       92%         2
 Static Discharge         Conj/Air       0%         3-3/arc   92%         2
 Sublimation of Blood     Necr           0%         N/A       92%         2
 Call Canine Familiar     Summ           0%         N/A       99%         3
 Confusing Touch          Hex            0%         N/A       99%         3
 Frozen Ramparts          Ice            0%         1d1       99%         3
 Gell's Gravitas          Tloc           0%         N/A       99%         3
 Hailstorm                Conj/Ice       0%         3d5       99%         3
 Mephitic Cloud           Conj/Alch/Air  0%         N/A       99%         3
 Passwall                 Erth           0%         N/A       99%         3
 Sigil of Binding         Hex            0%         N/A       99%         3
 Stone Arrow              Conj/Erth      0%         3d7       99%         3
 Summon Ice Beast         Ice/Summ       0%         N/A       99%         3
 Teleport Other           Tloc           0%         N/A       99%         3
 Tukima's Dance           Hex            0%         N/A       99%         3
 Vampiric Draining        Necr           0%         2d6       99%         3
 Volatile Blastmotes      Fire/Tloc      0%         2d10      99%         3
 Airstrike                Air            0%         2d(0-16)  100%        4
 Animate Dead             Necr           0%         N/A       100%        4
 Brom's Barrelling Bould  Conj/Erth      0%         2d3       100%        4
 Cause Fear               Hex            0%         N/A       100%        4
 Dimensional Bullseye     Hex/Tloc       0%         N/A       100%        4
 Dispel Undead            Necr           0%         3d6       100%        4
 Fulminant Prism          Conj/Alch      0%         3d5       100%        4
 Ignite Poison            Fire/Alch      0%         N/A       100%        4
 Iskenderun's Mystic Bla  Conj/Tloc      0%         2d3       100%        4
 Leda's Liquefaction      Alch/Erth      0%         N/A       100%        4
 Manifold Assault         Tloc           0%         N/A       100%        4
 Martyr's Knell           Necr/Summ      0%         N/A       100%        4
 Olgreb's Toxic Radiance  Alch           0%         N/A       100%        4
 Passage of Golubria      Tloc           0%         N/A       100%        4
 Petrify                  Alch/Erth      0%         N/A       100%        4
 Sticky Flame             Fire/Alch      0%         2d4       100%        4
 Summon Lightning Spire   Summ/Air       0%         N/A       100%        4
 Fireball                 Conj/Fire      0%         3d3       100%        5
 Freezing Cloud           Conj/Ice/Air   0%         6-21      100%        5
 Irradiate                Conj/Alch      0%         3d11      100%        5
 Iskenderun's Battlesphe  Conj           0%         2d6       100%        5
 Lee's Rapid Deconstruct  Erth           0%         3d4*      100%        5
 Metabolic Englaciation   Hex/Ice        0%         N/A       100%        5
 Summon Forest            Summ/Tloc      0%         N/A       100%        5
 Summon Mana Viper        Hex/Summ       0%         N/A       100%        5
 Yara's Violent Unravell  Hex/Alch       0%         3d3       100%        5
 Bombard                  Conj/Erth      0%         9d1       100%        6
 Conjure Ball Lightning   Conj/Air       0%         3x3d6     100%        6
 Death Channel            Necr           0%         N/A       100%        6
 Dispersal                Tloc           0%         N/A       100%        6
 Eringya's Noxious Bog    Alch           0%         4d6       100%        6
 Plasma Beam              Fire/Air       0%         2x1d10    100%        6
 Sculpt Simulacrum        Ice/Alch       0%         N/A       100%        6
 Starburst                Conj/Fire      0%         6d3       100%        6
 Summon Cactus Giant      Summ           0%         N/A       100%        6
 Enfeeble                 Hex            0%         N/A       100%        7
 Haunt                    Necr/Summ      0%         N/A       100%        7
 Malign Gateway           Summ/Tloc      0%         N/A       100%        7
 Orb of Destruction       Conj           0%         9d5       100%        7
 Ozocubu's Refrigeration  Ice            0%         4d7       100%        7
 Summon Hydra             Summ           0%         N/A       100%        7
 Discord                  Hex            0%         N/A       100%        8
 Disjunction              Tloc           0%         N/A       100%        8
 Infestation              Necr           0%         N/A       100%        8
 Lehudib's Crystal Spear  Conj/Erth      0%         10d2      100%        8
 Summon Horrible Things   Summ           0%         N/A       100%        8
 Shatter                  Erth           0%         3d5*      100%        9


Dungeon Overview and Level Annotations

Branches:
Dungeon (15/15)            Temple (0/1) D:7            Lair (5/5) D:8
 Shoals (4/4) Lair:2       Spider (4/4) Lair:3        Slime (0/5) Lair:4
    Orc (2/2) D:11            Elf (3/3) Orc:2        Vaults (5/5) D:13
  Crypt (1/3) Vaults:2     Depths (4/4) D:15            Zot (5/5) Depths:4
Volcano (visited)         Desolation (visited)

Altars:
Ashenzari
Gozag
Hepliaklqana
Kikubaaqudgha
Makhleb
Nemelex Xobeh
Okawaru
Qazlal
Ru
Sif Muna
Trog
Uskayaw
Vehumet
Wu Jian
Xom
Yredelemnul
Zin
The Shining One

Shops:
Orc:1 !   Orc:2 [*[*(   Elf:1 *   Elf:2 (   Vaults:1 =   Vaults:5 [
Depths:3 *   Depths:4 [?(!?

Portals:
Hell: Depths:1 Depths:2 Depths:3 Depths:4
Abyss: Depths:1 Depths:3
Pandemonium: Depths:2
Ziggurat: Depths:2

Annotations:
Orc:1 3 runed translucent doors, anacleto's ghost, journeyman TrSh
Depths:2 2 runed translucent doors
Zot:2 Foeck's ghost, veteran TrCK


Innate Abilities, Weirdness & Mutations

You have a pair of large horns on your head.
You reflexively headbutt those who attack you in melee.
You are partially covered in iridescent scales. (AC +2)
You are weak. (Str -2)


Message History

You feel less confused.
You are confused.
You feel invigorated.
You feel less invigorated.
You feel less confused.
You climb upwards.
There is a stone staircase leading down here.
There is a stone staircase leading up here.
You climb upwards.
There is a stone staircase leading down here.
You see here a +0 dagger.
There is an open door here.
There is a stone staircase leading up here.
You climb upwards.
There is a stone staircase leading down here.
A sixfirhy comes into view.
You feel yourself speed up. The sixfirhy completely misses you.
The sixfirhy hits you but does no damage.
The sixfirhy misses you.
You perforate the sixfirhy like a sieve!!!
You kill the sixfirhy!
Qazlal accepts your kill.
There is an open door here.
An endoplasm comes into view.
There is an open door here.
HP restored.
Your extra speed is starting to run out.
You feel yourself slow down.
There is a stone staircase leading up here.
You climb upwards.
There is a stone staircase leading down here.
You enter the shallow water.
Moving in this stuff is going to be slow.
You see here a +0 club.
You hear a roar!
An Ice Fiend comes into view.
There is a staircase leading out of the dungeon here.
You can't go down here!
You have escaped!

#.....# #.#........# ##≈~.≈~~
#.#########..........######≈~~≈#.
#.#......#....##.##.......#≈≈≈≈##
#.#.#..#.#....#.1.#...#####≈≈≈≈#
.....#.......##.8.##..### ##≈≈≈#
...#..#......#.°§..#....# ##≈##
.)..#..#....##.8○8.##...# #≈#
..†..#...#..#.§...§.#...# ###
.#.#..#..#..#.8○@.8.#...#
#...#..#.#..#....)..#...# ######
.....#...#..##.8.8.##...# #...†.
#..#..#..#...#.....#....# #.####
##..#..#..#..##.8.##..#.# #.#
##...#....#...#...#.....# #.#
...#..#.......##.##..##.# #.#
##..#..#.#.#.........##.# #.#
###........##.......###.# #.#


You could see an Ice Fiend.

Vanquished Creatures
  6 dread liches
  3 ancient liches (Zot:5)
  3 orbs of fire
  Boris (Depths:1)
  6 Killer Klowns
  Vv (Zot:2)
  Saint Roka (D:13)
  Margery (Vaults:3)
  5 curse toes
  10 golden dragons
  the Enchantress (D:15)
  Norris (Depths:1)
  2 electric golems
  15 tentacled monstrosities
  2 liches (Depths:3)
  Jorgrun (Orc:2)
  27 Orb Guardians
  7 quicksilver dragons
  A searing wretch (Vaults:3)
  A deep elf blademaster (Elf:2)
  6 titans (Vaults:5)
  7 death cobs
  8 sphinxes
  4 tentacled starspawn (Abyss:2)
  6 shadow dragons
  9 tengu reavers
  A revenant (Crypt:1)
  8 protean progenitors
  15 storm dragons
  Donald (Spider:4)
  5 frost giants
  4 draconian monks
  2 imperial myrmidons (Desolation)
  A balrug (Depths:1)
  15 vault wardens
  4 emperor scorpions
  8 draconian knights
  3 draconian shifters
  5 draconian scorchers
  16 fire giants
  2 iron dragons
  3 deep elf sorcerers
  4 draconian stormcallers
  2 orc warlords
  4 ghost moths
  A curse skull (Crypt:1)
  22 ironbound preservers
  An angel (D:7)
  6 draconian annihilators
  3 formless jellyfish
  2 quicksilver oozes (Zot:3)
  6 very ugly things
  A reaper (Depths:1)
  2 vampire knights
  9 ironbound thunderhulks
  5 spriggan defenders
  15 stone giants
  4 broodmothers
  A deep elf death mage (Elf:2)
  An ophan (Depths:1)
  13 green draconians
  9 black draconians
  A deep elf demonologist (Vaults:1)
  11 purple draconians
  3 war gargoyles
  7 yellow draconians
  16 white draconians
  10 red draconians
  5 spark wasps
  A bunyip (Zot:3)
  11 dire elephants
  A deep elf annihilator (Vaults:1)
  Snorg (Lair:5)
  13 ettins
  4 merfolk javelineers (Shoals:4)
  4 crystal guardians
  5 merfolk impalers
  12 ragged hierophants (Desolation)
  A green death (Abyss:2)
  A blizzard demon (Depths:1)
  4 entropy weavers
  14 yaktaur captains
  3 rakshasas
  10 great orbs of eyes
  6 hydras
  7 fire dragons
  A hell beast (Depths:1)
  2 deep elf high priests
  35 vault guards
  Fannar (D:11)
  3 servants of whispers (Desolation)
  7 ice dragons
  5 spriggan air magi
  7 radroaches
  8 ironbound frosthearts
  A death knight (Crypt:1)
  A merfolk aquamancer (Shoals:4)
  9 centaur warriors
  3 ogre magi
  8 catoblepae
  An anaconda (Lair:5)
  7 two-headed ogres
  4 jorogumos
  8 peacekeepers
  33 dancing weapons
  5 merfolk avatars
  4 alligator snapping turtles
  A two-headed ogre (shapeshifter) (Depths:3)
  7 death yaks
  A satyr (Shoals:4)
  12 boulder beetles
  An orc high priest (Orc:2)
  12 deep troll earth magi
  10 tengu warriors
  5 demonic crawlers
  2 hell hogs
  2 vampire magi
  4 spriggan berserkers
  7 death scarabs
  9 deep troll shamans
  23 deep elf knights
  6 soul eaters
  7 occultists
  A wretched star (Abyss:2)
  7 hell knights
  4 sun demons
  10 iron trolls
  8 skysharks
  7 pharaoh ants
  Lodul (D:12)
  A skyshark (shapeshifter) (Vaults:5)
  74 deep trolls
  5 sixfirhies
  A sun moth (Spider:4)
  11 sea snakes
  8 orb spiders
  A swamp dragon (shapeshifter) (Vaults:5)
  4 glowing orange brains
  16 orc knights
  A swamp dragon (Lair:5)
  13 steelbarb worms
  13 arcanists
  26 ironbound convokers
  14 lindwurms
  7 phantasmal warriors
  5 large abominations
  A spectral jorogumo (Spider:4)
  Pikel (D:9)
  21 deep elf archers
  An obsidian statue (Depths:1)
  41 harpies
  5 necromancers
  27 deep elf zephyrmancers
  A wolf spider zombie (Spider:4)
  35 ugly things
  40 deep elf pyromancers
  6 cyclopes
  7 orc sorcerers
  A human zombie (Vaults:2)
  2 oklob plants (Spider:2)
  3 salamanders
  11 manticores
  29 wolf spiders
  A meliai (shapeshifter) (D:9)
  18 moths of wrath
  13 fauns
  A cyclops (shapeshifter) (Abyss:2)
  13 meliai
  22 vault sentinels
  3 elephants (Lair:4)
  3 kobold blastminers (Orc:2)
  9 merfolk sirens
  An eye of devastation (Depths:1)
  A guardian serpent (Desolation)
  2 rust devils (Depths:2)
  8 torpor snails
  4 black mambas
  6 water nymphs
  A cane toad (shapeshifter) (D:14)
  9 gargoyles
  4 molten gargoyles (Volcano)
  3 smoke demons
  12 cane toads
  A hellion (Depths:2)
  A rime drake (Lair:3)
  2 orange demons (Abyss:2)
  48 yaktaurs
  3 kobold demonologists
  7 komodo dragons
  A redback zombie (Spider:4)
  A spectral redback (Spider:4)
  3 tengu conjurers
  2 efreet
  A tormentor (Zot:3)
  A queen bee (Lair:4)
  Psyche (D:11)
  2 ice devils
  16 merfolk
  2 red devils
  7 trolls
  A merfolk (shapeshifter) (Vaults:5)
  4 ancient zymes (Abyss:2)
  7 hornets
  11 polar bears
  2 tyrant leeches (Zot:2)
  4 hellwings
  45 saltlings (Desolation)
  A spectral jumping spider (Spider:4)
  24 tarantellas
  A spectral culicivora (Spider:4)
  12 blink frogs
  4 jumping spider zombies (Spider:4)
  8 snapping turtles
  15 dream sheep
  10 raiju
  7 wind drakes
  A glass eye (Depths:1)
  A tarantella zombie (Spider:4)
  3 spectral tarantellas (Spider:4)
  25 culicivoras
  33 slime creatures
  2 spriggans (shapeshifter)
  An air elemental (Orc:2)
  3 ynoxinuls
  30 jumping spiders
  A centaur simulacrum (D:15)
  48 yaks
  5 starcursed masses
  2 wraiths
  12 spriggans
  2 wyverns (D:9)
  5 basilisks
  4 fire bats (Depths:2)
  10 water elementals
  An elf zombie (Vaults:2)
  2 fire elementals
  2 neqoxecs
  5 steam dragons
  7 wargs
  3 golden eyes (Depths:1)
  57 redbacks
  3 chaos spawn
  8 vampire mosquitoes
  A glowing shapeshifter zombie (Vaults:2)
  5 acid dragons
  15 water moccasins
  13 hell hounds
  2 laughing skulls (Abyss:2)
  38 orc warriors
  A sky beast (D:7)
  3 swamp drakes (Lair:5)
  2 ice beasts
  14 black bears
  16 ogres
  31 centaurs
  6 small abominations (Abyss:2)
  30 wolves
  A phantom (D:5)
  A lemure (D:9)
  4 weeping skulls (Abyss:2)
  19 bullfrogs
  5 kobold brigands
  3 gnoll sergeants (D:11)
  3 scorpions
  2 earth elementals (Elf:1)
  11 wights
  20 killer bees
  5 electric eels
  A bombardier beetle (D:4)
  2 hounds
  7 jellies
  9 orc priests
  4 gnoll boudas
  8 iguanas
  17 orc wizards
  7 hell rats (Lair:1)
  Robin (D:2)
  21 gnolls
  6 adders
  A shadow imp (D:8)
  4 white imps
  3 ufetubi
  2 dart slugs
  77 orcs
  11 endoplasms
  3 giant cockroaches
  17 goblins
  2 hobgoblins (D:2)
  4 quokkas
  5 ball pythons
  6 bats
  4 frilled lizards
  A hobgoblin zombie (Crypt:1)
  18 kobolds
  6 rats
  5 aspiring fleshes
  A butterfly (Lair:4)
2391 creatures vanquished.

Vanquished Creatures (collateral kills)
  A steelbarb worm (Spider:1)
  A wolf spider (Spider:1)
  A jumping spider (Spider:1)
3 creatures vanquished.

Vanquished Creatures (others)
  A tentacled monstrosity (Zot:1)
  A flayed ghost (D:11)
  2 harpies
  A manticore (D:9)
  A water nymph (Shoals:2)
  6 starspawn tentacles (Abyss:2)
12 creatures vanquished.

Grand Total: 2406 creatures vanquished

Notes
Turn   | Place    | Note
-------+----------+-------------------------------------------
     0 | D:1      | MysticSailboat the Minotaur Monk began the quest for the
                  | Orb.
     0 | D:1      | Reached XP level 1. HP: 19/19 MP: 0/0
   235 | D:1      | Reached XP level 2. HP: 26/26 MP: 1/1
   326 | D:1      | Found a faded altar of an unknown god.
   335 | D:1      | Prayed at the altar of an unknown god.
   335 | D:1      | Became a worshipper of Qazlal Stormbringer
   335 | D:1      | Reached * piety under Qazlal
   335 | D:1      | Reached ** piety under Qazlal
   479 | D:1      | Reached *** piety under Qazlal
   839 | D:2      | Reached skill level 5 in Axes
   888 | D:2      | Reached XP level 3. HP: 29/31 MP: 2/2
  1002 | D:2      | Found a glowing silver altar of Zin.
  1025 | D:2      | Noticed Robin
  1074 | D:2      | Killed Robin
  1348 | D:2      | Reached XP level 4. HP: 39/39 MP: 3/3
  2104 | D:3      | Reached **** piety under Qazlal
  2402 | D:3      | Reached XP level 5. HP: 31/45 MP: 4/4
  2593 | D:4      | Identified 2 scrolls of acquirement
  2594 | D:4      | Acquired the +8 executioner's axe of Gozag's Favour {venom,
                  | rElec Will++}
  2595 | D:4      | Acquired the +0 hat of the Vestibule of Hell {rPois rN+}
  2726 | D:4      | Reached XP level 6. HP: 51/51 MP: 5/5
  3088 | D:4      | Found an ornate altar of the Wu Jian Council.
  3088 | D:4      | Found a hazy altar of Hepliaklqana.
  3088 | D:4      | Found a sparkling altar of Nemelex Xobeh.
  3088 | D:4      | Found an iron altar of Okawaru.
  3088 | D:4      | Found a glowing silver altar of Zin.
  3088 | D:4      | Found a radiant altar of Vehumet.
  3210 | D:4      | Noticed a hornet
  3211 | D:4      | Killed a hornet
  3212 | D:4      | Reached skill level 10 in Axes
  3212 | D:4      | Reached XP level 7. HP: 57/57 MP: 6/6
  3445 | D:5      | Entered Level 5 of the Dungeon
  3506 | D:5      | Noticed a steam dragon
  3514 | D:5      | Killed a steam dragon
  3530 | D:5      | Reached XP level 8. HP: 21/64 MP: 7/7
  3828 | D:5      | Found the +5 scythe "Finisher" {speed, execute}
  4076 | D:5      | Found a broken altar of Ashenzari.
  4366 | D:6      | Found a stormy altar of Qazlal.
  4522 | D:6      | Reached skill level 5 in Polearms
  4588 | D:6      | Reached ***** piety under Qazlal
  4607 | D:6      | You fall into a shaft and drop 2 floors!
  4611 | D:7      | Noticed a kobold demonologist
  4813 | D:6      | Reached XP level 9. HP: 57/70 MP: 8/8
  4858 | D:6      | Found a shimmering altar of Xom.
  5089 | D:7      | Noticed a red devil
  5260 | D:7      | Killed a kobold demonologist
  5261 | D:7      | Reached skill level 5 in Fighting
  5306 | D:7      | Found an ornate altar of the Wu Jian Council.
  5340 | D:7      | Found a staircase to the Ecumenical Temple.
  5449 | D:7      | Found a glowing silver altar of Zin.
  5724 | D:8      | Reached skill level 1 in Invocations
  5947 | D:8      | Found a glowing golden altar of the Shining One.
  6084 | D:8      | Noticed a centaur warrior
  6085 | D:8      | Noticed a deep elf pyromancer
  6151 | D:8      | Found a staircase to the Lair.
  6298 | D:8      | Found an opulent altar of Gozag.
  6299 | D:8      | Found a sacrificial altar of Ru.
  6400 | D:8      | Noticed a two-headed ogre
  6406 | D:8      | Killed a two-headed ogre
  6407 | D:8      | Reached XP level 10. HP: 88/88 MP: 10/12
  6506 | D:8      | Found a bloodstained altar of Trog.
  6517 | D:8      | Found a shimmering blue altar of Sif Muna.
  6524 | D:8      | Got Sif Muna's Textbook on the Fluctuating Vector
  6723 | D:9      | Noticed a manticore
  6723 | D:9      | Noticed a boulder beetle
  6724 | D:9      | Noticed a centaur warrior
  6724 | D:9      | Noticed a sun moth
  6734 | D:9      | a sun moth changed into a tengu
  6741 | D:9      | Noticed a meliai
  6745 | D:9      | Killed a meliai
  6746 | D:9      | Reached skill level 5 in Invocations
  6746 | D:9      | Killed a centaur warrior
  6746 | D:9      | Noticed a deep elf pyromancer
  6857 | D:9      | Noticed a centaur warrior
  6861 | D:9      | Killed a centaur warrior
  6862 | D:9      | Reached skill level 10 in Fighting
  6876 | D:9      | Killed a boulder beetle
  6883 | D:9      | Killed a deep elf pyromancer
  6936 | D:9      | Noticed Pikel
  6942 | D:9      | Killed Pikel
  6943 | D:9      | Reached XP level 11. HP: 101/101 MP: 15/15
  6983 | D:9      | Noticed a two-headed ogre
  7003 | D:9      | Killed a two-headed ogre
  7043 | D:9      | Noticed a catoblepas
  7052 | D:9      | Killed a catoblepas
  7266 | D:9      | Got the Folio of Luminous Bad Luck
  7365 | D:9      | Noticed a brown ugly thing
  7380 | D:9      | Killed a brown ugly thing
  7380 | D:9      | Noticed a centaur warrior
  7397 | D:9      | Killed a centaur warrior
  7463 | D:9      | Found a transporter.
  7546 | D:9      | Reached skill level 1 in Armour
  7946 | D:10     | Entered Level 10 of the Dungeon
  8072 | D:10     | Found a radiant altar of Vehumet.
  8131 | D:10     | Reached skill level 10 in Invocations
  8250 | D:10     | Found a burning altar of Makhleb.
  8469 | D:10     | Reached ****** piety under Qazlal
  8670 | D:11     | Noticed a two-headed ogre
  8676 | D:11     | Killed a two-headed ogre
  8725 | D:11     | Reached skill level 5 in Armour
  8736 | D:11     | Reached XP level 12. HP: 107/112 MP: 18/18
  8802 | D:11     | Noticed Psyche
  8807 | D:11     | Killed Psyche
  8879 | D:11     | Noticed Fannar
  8886 | D:11     | Killed Fannar
  8897 | D:11     | Noticed a tengu reaver
  8903 | D:11     | Killed a tengu reaver
  8904 | D:11     | Reached skill level 1 in Evocations
  9294 | D:11     | Identified the +3 dagger "Etumea" {freeze, rPois Stlth+}
  9300 | D:11     | Identified the staff "Emyqoaf" {rF+ rC- rN+ Will+ Fire}
  9325 | D:11     | Found a staircase to the Orcish Mines.
  9415 | D:11     | Found a hide-covered altar of Uskayaw.
  9502 | Lair:1   | Entered Level 1 of the Lair of Beasts
  9580 | Lair:1   | Noticed a catoblepas
  9594 | Lair:1   | Killed a catoblepas
  9594 | Lair:1   | Noticed a catoblepas
  9609 | Lair:1   | Killed a catoblepas
  9675 | Lair:1   | Reached skill level 5 in Evocations
  9857 | Lair:1   | Reached skill level 10 in Armour
 10310 | Lair:2   | Reached XP level 13. HP: 115/118 MP: 20/20
 10886 | Lair:2   | Found a staircase to the Shoals.
 11113 | Lair:3   | Reached skill level 10 in Polearms
 11705 | Lair:3   | Found a hole to the Spider Nest.
 12204 | Lair:4   | Acquired 1060 gold pieces
 12510 | Lair:4   | Found a staircase to the Slime Pits.
 12644 | Lair:4   | Reached skill level 15 in Polearms
 12737 | Lair:4   | Reached XP level 14. HP: 116/126 MP: 21/21
 13278 | Lair:5   | Entered Level 5 of the Lair of Beasts
 13824 | Lair:5   | Noticed Snorg
 13832 | Lair:5   | Killed Snorg
 15385 | D:12     | Noticed Lodul
 15390 | D:12     | Killed Lodul
 15956 | D:13     | Reached XP level 15. HP: 133/133 MP: 22/22
 15959 | D:13     | Got the Directory of Energy
 16023 | Abyss:2  | Cast into level 2 of the Abyss (an occultist)
 16106 | Abyss:2  | Noticed a tentacled starspawn
 16109 | Abyss:2  | Killed a tentacled starspawn
 16110 | Abyss:2  | Noticed a tentacled starspawn
 16115 | Abyss:2  | Killed a tentacled starspawn
 16127 | Abyss:2  | Noticed a tentacled starspawn
 16135 | Abyss:2  | Killed a tentacled starspawn
 16241 | Abyss:2  | Noticed a tentacled starspawn
 16254 | Abyss:2  | Killed a tentacled starspawn
 16259 | Abyss:2  | Gained mutation: You are weak. (Str -2) [a neqoxec]
 16263 | D:13     | Escaped the Abyss
 16264 | D:13     | Gained mutation: You are partially covered in iridescent
                  | scales. (AC +2) [a neqoxec]
 16431 | D:13     | Found a gate to the Vaults.
 16479 | Abyss:2  | Noticed a tentacled starspawn
 16479 | Abyss:2  | Noticed a tentacled monstrosity
 16479 | Abyss:2  | Noticed a tentacled starspawn
 16479 | Abyss:2  | Noticed an Executioner
 16479 | Abyss:2  | Found a corrupted altar of Lugonu.
 16479 | Abyss:2  | Cast into level 2 of the Abyss (an occultist)
 16481 | Abyss:2  | Found a transporter.
 16520 | Abyss:2  | Found a corrupted altar of Lugonu.
 16522 | Abyss:2  | Found a corrupted altar of Lugonu.
 16522 | Abyss:2  | Found a corrupted altar of Lugonu.
 16797 | Abyss:2  | Killed a tentacled monstrosity
 16800 | D:13     | Escaped the Abyss
 16943 | D:13     | Identified the +3 ring mail "Yzeese" {Str+3}
 17229 | D:13     | Found a portal to a secret trove of treasure.
 17469 | D:13     | Identified the +10 mace of Doubt {venom, rN++ rCorr}
 17889 | Orc:1    | Entered Level 1 of the Orcish Mines
 17980 | Orc:1    | Noticed anacleto's ghost (journeyman TrSh)
 17985 | Orc:1    | Found a runed translucent gate.
 17986 | Orc:1    | Found a runed translucent gate.
 17987 | Orc:1    | Found a runed translucent gate.
 18093 | Orc:1    | Found Toheo's Distillery.
 18107 | Orc:1    | Bought a potion of heal wounds for 65 gold pieces
 18107 | Orc:1    | Bought a potion of heal wounds for 65 gold pieces
 18125 | Orc:1    | Found a dark tunnel.
 18133 | Volcano  | Entered a volcano
 18250 | Volcano  | Noticed an orb of fire
 18333 | Volcano  | Noticed an orb of fire
 18670 | Orc:2    | Entered Level 2 of the Orcish Mines
 18679 | Orc:2    | Paralysed by an orc sorcerer for 4 turns
 18723 | Orc:2    | Found a staircase to the Elven Halls.
 18880 | Orc:2    | Noticed Jorgrun
 18884 | Orc:2    | Reached XP level 16. HP: 141/141 MP: 23/23
 18980 | Orc:2    | Killed Jorgrun
 19464 | Orc:2    | Found Doal's Armour Shoppe.
 19464 | Orc:2    | Found Alibav's Assorted Antiques.
 19466 | Orc:2    | Found Plog's Armour Boutique.
 19468 | Orc:2    | Found Nikala's General Store.
 19477 | Orc:2    | Bought an orange potion for 26 gold pieces
 19482 | Orc:2    | Bought a +2 pair of gloves for 231 gold pieces
 19482 | Orc:2    | Bought a +2 pair of boots of flying for 301 gold pieces
 19482 | Orc:2    | Bought a +1 cloak for 161 gold pieces
 19581 | Orc:2    | Found Tatuxeh's Weapon Shop.
 19944 | D:14     | Reached skill level 15 in Fighting
 21036 | D:15     | Entered Level 15 of the Dungeon
 21768 | D:15     | Found a staircase to the Depths.
 22454 | Spider:1 | Entered Level 1 of the Spider Nest
 22474 | Spider:1 | Reached skill level 5 in Dodging
 23806 | Spider:2 | Reached XP level 17. HP: 161/161 MP: 24/24
 23997 | Spider:2 | Reached skill level 10 in Dodging
 24034 | Spider:2 | Got the Opusculum on the Fjord and Curses
 26143 | Spider:4 | Entered Level 4 of the Spider Nest
 26603 | Spider:4 | Noticed Donald
 26619 | Spider:4 | Killed Donald
 26887 | Spider:4 | Reached XP level 18. HP: 168/169 MP: 25/25
 26979 | Spider:4 | Reached skill level 15 in Armour
 27521 | Spider:4 | Identified the +0 hat of Submission {rElec Dex+2 Stlth-}
 27533 | Spider:4 | Identified the -2 pair of gloves "Jesio" {Dex+2}
 27540 | Spider:4 | Got a gossamer rune of Zot
 27997 | D:13     | You paid a toll of 12 potions of heal wounds to enter a
                  | treasure trove
 27998 | Trove    | Entered a treasure trove
 28024 | Trove    | Identified the -2 pair of boots "Daamiak" {Harm}
 28044 | Trove    | Identified the +2 hat of Tumo {Slay+2}
 28058 | Trove    | Identified the staff "Gehod" {rC- Str+6 Earth}
 28282 | Shoals:1 | Entered Level 1 of the Shoals
 28795 | Shoals:1 | Found a hide-covered altar of Uskayaw.
 29594 | Shoals:2 | Reached skill level 15 in Invocations
 30419 | Shoals:3 | Identified the +0 chain mail of Heliet {rN+}
 30819 | Shoals:3 | Acquired 528 gold pieces
 31008 | Shoals:4 | Entered Level 4 of the Shoals
 31219 | Shoals:4 | Paralysed by a formless jellyfish for 1 turns
 31341 | Shoals:4 | Identified the +2 short sword "Rehodal" {protect, rC- Int+2
                  | Dex+2}
 31359 | Shoals:4 | Reached XP level 19. HP: 177/177 MP: 30/30
 31703 | Shoals:4 | Found the +8 arc blade {discharge, rElec}
 31866 | Shoals:4 | Identified the +3 dagger of Nemp {pain, Will++ Str+2}
 31965 | Shoals:4 | Got a barnacled rune of Zot
 32475 | Elf:1    | Entered Level 1 of the Elven Halls
 33015 | Elf:1    | Reached skill level 10 in Evocations
 33109 | Elf:1    | Paralysed by an air elemental for 1 turns
 33113 | Elf:1    | Paralysed by an air elemental for 1 turns
 33116 | Elf:1    | Paralysed by an air elemental for 1 turns
 33119 | Orc:2    | Paralysed by an air elemental for 1 turns
 33482 | Elf:1    | Found Iwastied's General Store.
 33504 | Elf:1    | Bought a potion of curing for 42 gold pieces
 33504 | Elf:1    | Bought a potion of lignification for 42 gold pieces
 33504 | Elf:1    | Bought a scroll of blinking for 105 gold pieces
 33531 | Elf:1    | Acquired a manual of Armour
 33842 | Elf:1    | Got Woijus's Treatise on the Combined Volley
 34100 | Elf:2    | Found Tomeumix's Antique Weapon Shop.
 34321 | Elf:2    | Found a runed translucent gate.
 34322 | Elf:2    | Found a runed translucent gate.
 34322 | Elf:2    | Found a runed translucent gate.
 34713 | Elf:2    | Reached XP level 20. HP: 187/187 MP: 31/31
 35042 | Elf:3    | Entered Level 3 of the Elven Halls
 35302 | Vaults:1 | Entered Level 1 of the Vaults
 35304 | Vaults:1 | Noticed Saint Roka
 35397 | D:13     | Killed Saint Roka
 35732 | Vaults:1 | Got Sif Muna's Octavo of Impure Hoarfrost
 35739 | Vaults:1 | Acquired the +1 pair of gloves "Xorujedi" {rElec rCorr
                  | Int+3}
 36049 | Vaults:1 | Found Qetin's Jewellery Shoppe.
 36057 | Vaults:1 | Bought the ring "Ogost" {rF+ Str+3 Dex+3 Slay+3} for 915
                  | gold pieces
 37526 | Vaults:2 | Found a staircase to the Crypt.
 37526 | Vaults:2 | Found a basalt altar of Yredelemnul.
 37527 | Vaults:2 | Found an ancient bone altar of Kikubaaqudgha.
 37814 | Vaults:2 | Reached XP level 21. HP: 194/194 MP: 32/32
 38031 | Vaults:2 | Reached skill level 15 in Dodging
 38993 | Vaults:3 | Found a crumbling gateway.
 39007 | Desolati | Entered the Desolation of Salt
 39134 | Desolati | Identified the amulet of Knowledge {Faith rF+ rC+ Int-2
                  | Dex+5}
 39134 | Desolati | Identified the +3 plate armour of Surprise {rCorr Slay+3}
 39290 | Desolati | Identified the +11 scale mail of the Portals {Regen+ Str+3
                  | Int-4}
 39291 | Desolati | Identified the staff of Ashenzari's Regard {rElec rPois
                  | Dex+6 Alchemy}
 39295 | Desolati | Identified the +6 morningstar of the Firefly {elec, ^Drain
                  | rN+ Int+2 Dex+4}
 39587 | Desolati | Got the Monograph on the Fifth Circle
 40102 | Vaults:3 | Noticed Margery
 40122 | Vaults:3 | Killed Margery
 40253 | Vaults:3 | You are sucked into a shaft and drop 1 floor!
 40608 | Vaults:3 | Reached XP level 22. HP: 205/206 MP: 33/33
 42209 | Crypt:1  | Entered Level 1 of the Crypt
 42612 | Depths:1 | Entered Level 1 of the Depths
 42679 | Depths:1 | Noticed Boris
 42686 | Depths:1 | Killed Boris
 42743 | Depths:1 | Noticed the Enchantress
 42936 | D:15     | Killed the Enchantress
 43025 | Depths:1 | Noticed Norris
 43170 | Depths:1 | Killed Norris
 43601 | Depths:1 | Found a one-way gate to the infinite horrors of the Abyss.
 43635 | Depths:1 | Got the Anthology of Sparks and Damage
 43796 | Depths:1 | Found a gateway to Hell.
 44565 | Depths:2 | Found a one-way gateway to a ziggurat.
 44830 | Depths:2 | Reached XP level 23. HP: 229/229 MP: 34/34
 45156 | Depths:2 | Found a large runed translucent door.
 45156 | Depths:2 | Found a large runed translucent door.
 45350 | Depths:2 | Found a one-way gate leading to the halls of Pandemonium.
 45402 | Depths:2 | Found an ornate altar of the Wu Jian Council.
 45656 | Depths:2 | Identified the +7 demon whip of Nedetouczal {freeze, rC+}
 46199 | Depths:3 | Acquired 1248 gold pieces
 46500 | Depths:3 | Identified the +1 shortbow of Dividends {freeze, rC+ rN+
                  | Int+4}
 46574 | Depths:3 | Identified the +4 scale mail of Dogmatism {rElec Dex+4}
 46697 | Depths:3 | Found Eriqi's Neck Hole.
 46874 | Depths:4 | Entered Level 4 of the Depths
 46881 | Depths:4 | Found Zaorr's Distillery.
 47108 | Depths:4 | Bought a potion of might for 72 gold pieces
 47108 | Depths:4 | Bought a potion of haste for 180 gold pieces
 47108 | Depths:4 | Bought a potion of attraction for 54 gold pieces
 47108 | Depths:4 | Bought a potion of lignification for 54 gold pieces
 47108 | Depths:4 | Bought 2 potions of haste for 360 gold pieces
 47108 | Depths:4 | Bought a potion of curing for 54 gold pieces
 47108 | Depths:4 | Bought a potion of lignification for 54 gold pieces
 47108 | Depths:4 | Bought a potion of cancellation for 144 gold pieces
 47108 | Depths:4 | Bought a potion of ambrosia for 144 gold pieces
 47470 | Depths:4 | Found Qeenlase's Antique Armour Emporium.
 47473 | Depths:4 | Found Xekhluni's Weapon Shoppe.
 47473 | Depths:4 | Found Semubun's Magic Scroll Emporium.
 47476 | Depths:4 | Found Ciwnoer's Magic Scroll Shoppe.
 47481 | Depths:4 | Bought a scroll of enchant armour for 97 gold pieces
 47481 | Depths:4 | Bought a scroll of teleportation for 39 gold pieces
 47482 | Depths:4 | Bought a scroll of silence for 123 gold pieces
 47485 | Depths:4 | Bought a scroll of enchant armour for 127 gold pieces
 47485 | Depths:4 | Bought a scroll of enchant armour for 127 gold pieces
 47485 | Depths:4 | Bought a scroll of enchant armour for 127 gold pieces
 47736 | Depths:4 | Reached skill level 27 in Fighting
 47800 | Depths:4 | Found a gate to the Realm of Zot.
 48416 | Vaults:5 | Entered Level 5 of the Vaults
 48694 | Vaults:5 | Noticed a dread lich
 48776 | Vaults:5 | Reached XP level 24. HP: 121/249 MP: 34/34
 48788 | Vaults:5 | Noticed a dread lich
 48881 | Vaults:5 | Got a silver rune of Zot
 48891 | Vaults:5 | Identified the +5 storm dragon scales of the Special Seers
                  | {rElec rF+ Dex+3}
 49316 | Vaults:5 | Killed a dread lich
 49478 | Vaults:5 | Identified the +1 shortbow "Qeeg" {heavy, *Corrode rN+
                  | MP+9}
 49564 | Vaults:5 | Paralysed by a dread lich for 3 turns
 49581 | Vaults:5 | Paralysed by something for 5 turns
 49591 | Vaults:5 | Killed a dread lich
 49601 | Vaults:5 | Identified the +1 whip "Odis" {heavy, rElec rPois Str-4}
 49908 | Vaults:5 | Identified the +1 morningstar of the Warrior-Mage {flame,
                  | rF+ Dex+3}
 50012 | Vaults:5 | Got the Notes on the Fjord
 50277 | Vaults:5 | Found Fuekhaawn's Antique Armour Shoppe.
 50290 | Vaults:5 | Bought an embroidered cloak for 255 gold pieces
 50292 | Vaults:5 | Bought a pair of transparent boots for 323 gold pieces
 50292 | Vaults:5 | Identified the +3 pair of boots of the King of the Hill
                  | {Will+ Str+6} (You bought it in a shop on level 5 of the
                  | Vaults)
 51004 | Zot:1    | Entered Level 1 of the Realm of Zot
 51634 | Zot:1    | Noticed an orb of fire
 51655 | Depths:4 | Killed an orb of fire
 52070 | Zot:1    | Reached XP level 25. HP: 257/257 MP: 34/34
 52772 | Zot:3    | Noticed Vv
 52896 | Zot:2    | Noticed Foeck's ghost (veteran TrCK)
 52995 | Zot:2    | Killed Vv
 53514 | Zot:3    | You fall into a shaft and drop 1 floor!
 53517 | Zot:4    | Found a shimmering altar of Xom.
 54357 | Zot:4    | Reached skill level 27 in Armour
 54405 | Zot:5    | Entered Level 5 of the Realm of Zot
 55681 | Zot:5    | Noticed a dread lich
 55682 | Zot:5    | Noticed a Killer Klown
 55685 | Zot:5    | Noticed an orb of fire
 55829 | Zot:4    | Gained mutation: You have a pair of large horns on your
                  | head. [an orb of fire]
 55834 | Zot:4    | Killed an orb of fire
 55842 | Zot:4    | Killed a dread lich
 55920 | Zot:4    | Killed a Killer Klown
 56033 | Zot:5    | Noticed a dread lich
 56041 | Zot:5    | Noticed a Killer Klown
 56048 | Zot:4    | Killed a dread lich
 56074 | Zot:5    | Killed a Killer Klown
 56326 | Zot:5    | Noticed a Killer Klown
 56559 | Zot:5    | Noticed a dread lich
 56566 | Zot:5    | Noticed a Killer Klown
 56569 | Zot:5    | Noticed an ancient lich
 56589 | Zot:4    | Killed a dread lich
 56590 | Zot:4    | Reached XP level 26. HP: 264/266 MP: 34/34
 56657 | Zot:5    | Killed an ancient lich
 56806 | Zot:5    | Noticed an orb of fire
 56818 | Zot:5    | Killed an orb of fire
 57240 | Zot:5    | Noticed an ancient lich
 57247 | Zot:5    | Noticed a dread lich
 57254 | Zot:5    | Paralysed by something for 4 turns
 57576 | Zot:4    | Killed a dread lich
 57619 | Zot:5    | Killed an ancient lich
 57972 | Zot:5    | Noticed an ancient lich
 57976 | Zot:5    | Killed an ancient lich
 58122 | Zot:5    | Reached skill level 27 in Dodging
 58122 | Zot:5    | Reached skill level 1 in Throwing
 58145 | Zot:5    | Got the Orb of Zot
 58771 | D:10     | Noticed Cauryrgha the pandemonium lord
 59135 | D:$      | Escaped with the Orb!

Illustrated notes

Levels and vault maps discovered:
D:1:      mainiacjoe_arrival_oval_in_oval, layout_loops_ring,
          shapermc_ecumenical_altar_mp_highgroup, serial_rivers,
          chequers_serial_rivers_micro_a, chequers_serial_rivers_small_b,
          chequers_serial_rivers_large_a, chequers_serial_rivers_micro_a,
          minmay_misc_feat_diagonals
D:2:      layout_basic, basic_altar, uniq_robin
D:3:      layout_basic
D:4:      cheibrodos_fertilizer, layout_loops_cross
D:5:      layout_rooms, cheibrodos_ashenzari_chains, saegor_snake_ambush
D:6:      layout_loops_ring, mainiacjoe_overflow_small_starburst,
          mainiacjoe_overflow_concentric_impassable, minmay_statues_item
D:7:      layout_rooms, mainiacjoe_overflow_boulevard,
          nicolae_overflow_hidden_temple, minmay_temple_entry_grid
D:8:      layout_basic, nzn_overflow_gifts_of_might_and_magic, tso_altar,
          amethyst_overflow_temple_binary, lair_entry_dummy,
          lightli_corner_chamber
D:9:      minmay_the_grid_octo_tiled_squarecenter [minmay_the_grid_octo_teeth,
          minmay_the_grid_octo_horde, minmay_the_grid_octo_clover,
          minmay_the_grid_octo_77,
          minmay_the_grid_square_5x5_megaprize_checkered,
          minmay_the_grid_square_5x5_moneybag,
          minmay_the_grid_square_5x5_minibox,
          minmay_the_grid_square_5x5_eight_small,
          minmay_the_grid_square_5x5_three_walls], layout_loops_ring,
          nicolae_diode_basic, uniq_pikel
D:10:     layout_roguey [special_room_orc], nicolae_overflow_crystal_walls,
          kennysheep_mini_moat
D:11:     minmay_mutant_horseshoe, layout_cave_pools,
          kennysheep_orc_monster_closet_entryway, serial_bayou_pond_c,
          nicolae_uskayaw_dance_studio, uniq_psyche, uniq_fannar
D:12:     nicolae_cairo_tiling_large, layout_gridville, uniq_lodul
D:13:     minmay_tri_stars, layout_basic, hellmonk_vaults_attempted_burglary,
          nicolae_trove_entry_diagonal, minmay_holes, hangedman_decor_opposing
D:14:     layout_irregular_city, minmay_fractal_squares_gapless_5
D:15:     grunt_enter_depths_giant_problem, layout_stronghold,
          nicolae_lava_and_water, lightli_fourway_metalbox
Lair:1:   layout_gridlike, lemuel_fruit_tree, grunt_megastairs_2
Lair:2:   layout_gridlike, elwin_shoals_entry_rooms, grunt_megastairs_5
Lair:3:   layout_regular_city, hellmonk_spider_entry_not_the_bees,
          wad_woods_river_02, guppyfry_lair_drakes
Lair:4:   layout_loops_ring, minmay_slime_entry_pillars, special_room
          [special_room_bee], nzn_sisyphean_effort, lemuel_fruit_fields
Lair:5:   guppyfry_lair_end_dragon, layout_misc_corridors,
          hangedman_lair_caniforms_friends, eino_small_chamber_without_monster,
          infiniplex_staircase_pool, uniq_snorg
Shoals:1: layout_shoals, lemuel_centaur_altar
Shoals:2: layout_shoals, nicolae_shoals_nymph_descending_staircase
Shoals:3: layout_shoals, nicolae_shoals_lost_giant_temple
Shoals:4: shoals_end_hangedman, layout_shoals,
          portal_ice_cave_entry_pillars_three
Spider:1: layout_chambers, hangedman_spider_tarantella_strand
Spider:2: spider_temple_joshua
Spider:3: layout_chambers, beargit_elvish_explorers
Spider:4: floodkiller_spider_rune_tomb, uniq_donald
Orc:1:    layout_diamond_mine, gammafunk_ghost_split, serial_shops,
          nicolae_shop_waterfront, basic_altar, nicolae_volcano_entry_hallway
Orc:2:    st_orc_rangers, layout_diamond_mine, serial_shops, shop, basic_altar,
          uniq_jorgrun
Elf:1:    elf_arrival_002, layout_loops_cross, serial_shops, shop,
          minmay_elf_sorcery
Elf:2:    nicolae_elf_blades_crystal_corner, layout_rooms, serial_shops,
          nicolae_shop_statue_plus
Elf:3:    minmay_elf_hall_quartered_circle, layout_rooms, serial_shops,
          nicolae_shop_trees
Vaults:1: nicolae_vaults_layer_cake_slice, nicolae_vaults_closet_pinwheel_6,
          nicolae_vaults_little_squares_5, hangedman_vaults_stagger,
          hangedman_vaults_slice, nicolae_vaults_lightning_bolt,
          nicolae_vaults_trapezoid_lopsided_1, grunt_vaults_funnel,
          nicolae_vaults_yaktaur_gun_rack, nicolae_vaults_library_corner,
          layout_vaults_quadrants, serial_shops, shop, uniq_saint_roka
Vaults:2: serial_library_hellmonk_semicircle, hangedman_vaults_corner,
          vaults_mumra_hexcomb, vaults_room_corners, vaults_room_semicircle,
          minmay_crypt_entry_necro_gods, nicolae_vaults_closet_pinwheel_4,
          nicolae_vaults_three_branches, nicolae_vaults_trapezoid_lopsided_3,
          nicolae_vaults_tetromino_L_1, layout_vaults_chaotic_city
Vaults:3: portal_desolation_entry_nicolae_slug, hangedman_vaults_variations,
          v_misc_17, v_rooms_3, hangedman_vaults_capsules,
          nicolae_vaults_heart-shaped_vault, grunt_vaults_twisty,
          nicolae_vaults_shrinking_rooms_1,
          nicolae_vaults_offset_grid_hallway_2, nicolae_vaults_trapezoid_2,
          vaults_room_stairs_pillars, vaults_dpeg_encased_lava,
          layout_vaults_omnicross, uniq_margery
Vaults:4: v_pattern_1, nicolae_vaults_ninety_degrees, v_rooms_6, v_rooms_4,
          nicolae_vaults_little_squares_6, vaults_room_stairs_pillars, v_misc_3,
          v_misc_18, v_misc_8, nicolae_vaults_layer_cake_slice,
          nicolae_vaults_double_plus_1, nicolae_vaults_tetromino_T_1,
          hangedman_vaults_corner_blocks, layout_vaults_maze
Vaults:5
Crypt:1:  layout_rooms, grunt_megastairs_4, grunt_crypt_arrival_split
Depths:1: layout_gridville, grunt_hell_entry_demonic_statue, abyss_entry,
          chequers_serial_rivers_marsh, serial_bayou_ford_a, minivault_14,
          minmay_misc_feat_alley, hangedman_eye_storm, uniq_enchantress,
          uniq_norris, uniq_boris
Depths:2: lightli_eight_chambers, layout_basic, enter_ziggurat_c,
          nzn_wu_jian_contemplation, hellmouth_1, grunt_pan_entry_sceptre
Depths:3: minmay_sliced_demisemicircle, layout_long_grid, hell_entry,
          serial_bayou_pond_a, abyss_entry, nicolae_shop_sticking_my_neck_out
Depths:4: grunt_zot_entry_gee_three, layout_basic, hell_entry, serial_shops,
          nicolae_shop_window_shopping, minmay_misc_feat_chi, minmay_shoptagon
Zot:1:    layout_misc_corridors, st_single_dragon_hoard_4
Zot:2:    layout_cathedral_of_symmetry, gammafunk_ghost_mausoleum,
          grunt_ministairs_10
Zot:3:    layout_misc_corridors, uniq_vv
Zot:4:    layout_misc_corridors, basic_altar, grunt_megastairs_3
Zot:5:    layout_basic

Skill      XL: |  1  2  3  4  5  6  7  8  9 10 11 12 13 14 15 16 17 18 19 20 21 22 23 24 25 26 |
---------------+-------------------------------------------------------------------------------+-----
Axes           | 4 5 6 8 10 11 12 | 12.2
Polearms       | 7 9 15 19 23 25 | 25.1
Fighting       | 7 10 12 13 17 18 19 23 27 | 27.0
Invocations    | 4 7 10 11 17 | 17.3
Armour         | 5 10 14 16 21 22 23 25 27 | 27.0
Evocations     | 6 10 | 10.0
Dodging        | 9 13 14 19 22 25 27 | 27.0
Throwing       | 4 |  4.8

Action                     |  1- 3 |  4- 6 |  7- 9 | 10-12 | 13-15 | 16-18 | 19-21 | 22-24 | 25-27 || total
---------------------------+-------+-------+-------+-------+-------+-------+-------+-------+-------++-------
  Melee: Hand axe          |    89 |    59 |       |       |       |       |       |       |       ||   148
         Headbutt          |    12 |    22 |    24 |    66 |   203 |   290 |   264 |   308 |   189 ||  1378
         Executioner's axe |       |    37 |    18 |       |    16 |   324 |    78 |    81 |   136 ||   690
         Scythe            |       |       |   168 |   387 |  1032 |   994 |  1308 |  1162 |   519 ||  5570
         Mace              |       |       |       |       |       |    12 |       |       |       ||    12
  Throw: Dart              |       |     1 |       |       |       |       |       |       |       ||     1
         Throwing net      |       |       |       |     1 |     1 |       |       |     2 |       ||     4
 Invoke: Disaster Area     |       |       |       |       |     1 |     1 |       |     6 |       ||     8
         Upheaval          |       |       |       |       |     1 |       |       |     3 |       ||     4
         Elemental Force   |       |       |       |       |       |     1 |     1 |       |       ||     2
  Evoke: Wand              |       |       |       |     4 |     2 |     1 |     1 |       |       ||     8
         Phantom mirror    |       |       |       |       |     4 |     1 |     1 |     1 |     1 ||     8
         Sack of spiders   |       |       |       |       |       |     1 |     1 |       |       ||     2
         Condenser vane    |       |       |       |       |       |       |     1 |       |       ||     1
    Use: Scroll            |       |     3 |     6 |    10 |     9 |    12 |     3 |    16 |     9 ||    68
         Potion            |       |       |       |     1 |     2 |     1 |       |     9 |    12 ||    25
   Stab: Petrified         |       |       |       |     1 |       |       |       |       |       ||     1
         Distracted        |       |       |       |       |       |     1 |     2 |       |     1 ||     4
         Held in net/web   |       |       |       |       |       |       |       |     1 |       ||     1
 Armour: Robe              |    45 |       |       |       |       |       |       |       |       ||    45
         Scale mail        |     2 |    62 |     9 |       |       |       |       |       |       ||    73
         Steam dragon scal |       |       |    61 |    40 |       |       |       |       |       ||   101
         Skin              |       |       |     1 |       |       |       |       |       |       ||     1
         Plate armour      |       |       |       |   179 |   648 |   160 |       |       |       ||   987
         Crystal plate arm |       |       |       |       |       |   846 |   562 |   622 |   484 ||  2514
  Dodge: Dodged            |    51 |    32 |    49 |    99 |   210 |   516 |   350 |   489 |   467 ||  2263
         Repelled          |       |       |       |     5 |     9 |    12 |    22 |    33 |    34 ||   115
  Block: Other             |       |     2 |    33 |    73 |   209 |   326 |   194 |   171 |   116 ||  1124

Table legend: (Time is in decaauts)
 A = Elapsed time spent in this place.
 B = Non-inter-level travel time spent in this place.
 C = Inter-level travel time spent in this place.
 D = Time resting spent in this place.
 E = Time spent auto-exploring this place.
 F = Levels seen in this place.
 G = Mean time per level.
                   A        B        C        D        E       F      G
               +--------+--------+--------+--------+--------+-----+--------+
         Total |  57188 |  50010 |   7178 |   9899 |  28485 |  53 | 1079.0 |
       Dungeon |  15813 |  13070 |   2743 |   1154 |   9420 |  15 | 1054.2 |
          Lair |   6140 |   5036 |   1104 |    323 |   3558 |   5 | 1228.0 |
        Shoals |   3967 |   3705 |    262 |    299 |   2576 |   4 |  991.8 |
   Spider Nest |   4930 |   4418 |    512 |    357 |   3136 |   4 | 1232.5 |
  Orcish Mines |   2131 |   1955 |    176 |    568 |    953 |   2 | 1065.5 |
   Elven Halls |   2141 |   1906 |    235 |    120 |    964 |   3 |  713.7 |
        Vaults |   7971 |   7156 |    815 |   1561 |   4103 |   5 | 1594.2 |
         Crypt |     61 |     48 |     13 |      0 |     12 |   1 |   61.0 |
        Depths |   6024 |   5319 |    705 |   1508 |   2671 |   4 | 1506.0 |
           Zot |   6349 |   5741 |    608 |   3824 |    518 |   5 | 1269.8 |
         Abyss |    479 |    479 |      0 |      0 |    124 |   2 |  239.5 |
         Trove |     80 |     80 |      0 |      0 |      0 |   1 |   80.0 |
       Volcano |    312 |    312 |      0 |     26 |    123 |   1 |  312.0 |
    Desolation |    786 |    786 |      0 |    157 |    327 |   1 |  786.0 |
               +--------+--------+--------+--------+--------+-----+--------+

Top non-repeatable levels by time:
   Zot:5: 2174 daAuts
Depths:1: 1861 daAuts
Vaults:5: 1829 daAuts
Depths:4: 1816 daAuts
    D:15: 1744 daAuts
    D:13: 1738 daAuts
Vaults:2: 1640 daAuts
Vaults:3: 1637 daAuts
   Zot:4: 1636 daAuts
   Orc:2: 1515 daAuts
  Lair:5: 1503 daAuts
Vaults:1: 1502 daAuts
     D:9: 1461 daAuts
Spider:4: 1393 daAuts
Vaults:4: 1360 daAuts
